 Dungeon Crawl Stone Soup version 0.24.1-14-gf8d2b509d9 (console) character file.

Game seed: 17695258234694185482, levelgen mode: deterministic

16 Kagalorn the Grasshopper (level 2, 0/23 HPs)
             Began as a Barachi Warper on Aug 12, 2020.
             Slain by a goblin
             ... wielding a +0 dagger of flaming
              (1 damage)
             ... on level 1 of the Dungeon.
             The game lasted 00:01:50 (257 turns).

Kagalorn the Grasshopper (Barachi Warper)            Turns: 257, Time: 00:01:50

Health: 0/23       AC:  6    Str: 12    XL:     2   Next: 58%
Magic:  5/5        EV: 11    Int: 13    God:
Gold:   0          SH:  0    Dex: 11    Spells: 5/5 levels left

rFire    . . .     SeeInvis .   a - +1 short sword (speed)
rCold    . . .     Gourm    .   (no shield)
rNeg     . . .     Faith    .   g - +0 ring mail (curse)
rPois    .         Spirit   .   (no helmet)
rElec    .         Reflect  .   (no cloak)
rCorr    .         Harm     .   b - +0 pair of gloves (curse)
MR       .....                  (no boots)
Stlth    +.........             (no amulet)
HPRegen  0.07/turn              (no ring)
MPRegen  0.09/turn              (no ring)

@: slow
A: +LOS, swims, slowness 1, strong legs 1
a: Hop


You were on level 1 of the Dungeon.
You were not hungry.

You visited 1 branch of the dungeon, and saw 1 of its levels.

Inventory:

Hand Weapons
 a - a +1 short sword of speed (weapon)
Missiles
 d - 5 boomerangs of dispersal (quivered)
Armour
 b - a cursed +0 pair of gloves (worn)
 g - a cursed +0 ring mail (worn)
Jewellery
 j - an uncursed ring of wizardry {unknown}
Scrolls
 c - a scroll of blinking
 e - a scroll of immolation {unknown}
 h - a scroll of identify {unknown}
 i - a scroll of teleportation {unknown}
Comestibles
 f - 2 rations


   Skills:
 + Level 2.9 Fighting
 - Level 1.0 Throwing
 - Level 1.2 Armour
 - Level 2.1 Dodging
 * Level 3.1 Unarmed Combat
 - Level 2.1 Spellcasting
   Level 3.2 Translocations


You had 5 spell levels left.
You didn't know any spells.
Your spell library contained the following spells:

 Spells                   Type           Power        Failure   Level  Hunger
 Blink                    Tloc           N/A          22%         2    ###....
 Shroud of Golubria       Chrm/Tloc      #.....       41%         2    ###....
 Gell's Gravitas          Tloc           #.........   41%         3    ####...
 Lesser Beckoning         Tloc           #.........   41%         3    ####...
 Teleport Other           Tloc           #.......     41%         3    ####...
 Passage of Golubria      Tloc           N/A          82%         4    #####..


Dungeon Overview and Level Annotations

Branches:
Dungeon (1/15)

Altars:


Innate Abilities, Weirdness & Mutations

Shadows flee at your approach. (+LOS)
You can swim through water.
You cover ground slowly.
You can hop short distances.


Message History

The ball python is heavily wounded.
The ball python barely misses you. The ball python closely misses you.
You barely miss the ball python.
The ball python is heavily wounded.
The ball python closely misses you. The ball python barely misses you.
You closely miss the ball python.
The ball python is heavily wounded.
You hit the ball python but do no damage.
The ball python is heavily wounded.
You are ready to hop once more.
The ball python bites you.
* * * LOW HITPOINT WARNING * * *
The ball python barely misses you.
You puncture the ball python!
You kill the ball python!
You barely miss the goblin.
The goblin hits you with a +0 dagger of flaming.
* * * LOW HITPOINT WARNING * * *
The goblin burns you.
You die...

#.....# #..###.
#.....#####......
#.....##...#+###.
#.....##........†
#......+....>..).
###....#...)...).
###########...(#.........
.........g.....#...##.###
#####..@#............#
#...#............#
#...##...........#
+................#
#.......##.......#
#.......#........#
####....#)########
######. #.


You could see a goblin.

Vanquished Creatures
  A ball python (D:1)
  A bat (D:1)
  2 giant cockroaches (D:1)
  A hobgoblin (D:1)
  2 jackals (D:1)
  A frilled lizard (D:1)
  4 kobolds (D:1)
  3 rats (D:1)
15 creatures vanquished.

Notes
Turn   | Place    | Note
-------+----------+-------------------------------------------
     0 | D:1      | Kagalorn the Barachi Warper began the quest for the Orb.
     0 | D:1      | Reached XP level 1. HP: 17/17 MP: 3/3
   190 | D:1      | Reached XP level 2. HP: 19/23 MP: 5/5
   257 | D:1      | HP: 1/23 [goblin/+0 dagger of flaming (2)]
   257 | D:1      | Slain by a goblin

Levels and vault maps discovered:
D:1:      ebering_hopf_link, layout_basic, st_stairs_9

Skill      XL: |  1  2 |
---------------+-------+-----
Unarmed Combat | 3 |  3.1
Fighting       | |  2.9
Throwing       | |  1.0
Armour         | |  1.2
Dodging        | |  2.1
Spellcasting   | |  2.1
Translocations | |  3.2

Action                   || total
-------------------------++-------
Melee: Short sword       ||    64
       Unarmed           ||     8
       Punch             ||     2
 Abil: Hop               ||     1
Armor: Leather armour    ||    13
       Ring mail         ||    17
Dodge: Dodged            ||    38
